 Dungeon Crawl Stone Soup version 0.26.0-9-gab577f9fc5 (webtiles) character file.

Game seed: 16477260740429737946

204 FreshCat the Magician (level 5, -10/34 HPs)
             Began as an Octopode Hedge Wizard on Jan 13, 2021.
             Was an Initiate of Cheibriados.
             Mangled by an ogre
             ... wielding a cursed -1 giant club
              (17 damage)
             ... on level 4 of the Dungeon.
             The game lasted 00:25:26 (4258 turns).

FreshCat the Magician (Octopode Hedge Wizard)       Turns: 4258, Time: 00:25:29

Health: -10/34     AC:  2    Str: 11    XL:     5   Next: 82%
Magic:  1/11       EV: 13    Int: 18    God:    Cheibriados [......]
Gold:   235        SH:  0    Dex: 12    Spells: 8/13 levels left

rFire    . . .     SeeInvis .   e - +0 dagger
rCold    . . .     Faith    .   (no shield)
rNeg     . . .     Spirit   .   b - +1 hat
rPois    .         Reflect  .   (no amulet)
rElec    .         Harm     .   (no ring)
rCorr    .         Rampage  .   (no ring)
Will     .....                  (no ring)
Stlth    +++.......             (no ring)
HPRegen  0.11/turn              (no ring)
MPRegen  0.12/turn              (no ring)
                                (no ring)
                                (no ring)

@: very slow
A: almost no armour, stealthy swim, amphibious, 8 rings, constrict 8, camouflage
1, gelatinous body 1
a: Renounce Religion, Bend Time


You were on level 4 of the Dungeon.
You worshipped Cheibriados.
Cheibriados was noncommittal.
You visited 2 branches of the dungeon, and saw 6 of its levels.

You collected 235 gold pieces.

Inventory:

Hand Weapons
 e - a +0 dagger (weapon)
Missiles
 d - 150 stones
 i - 8 javelins
Armour
 b - a +1 hat (worn)
Scrolls
 a - 4 scrolls of remove curse
 c - 3 scrolls of immolation
 g - a scroll of magic mapping {unknown}
 l - 4 scrolls of teleportation
 q - a scroll of identify
 s - a scroll of amnesia {unknown}
Potions
 f - 4 potions of haste
 h - a potion of magic
 k - a potion of attraction
 m - a potion of curing {unknown}
 n - a potion of degeneration {unknown}
 o - a potion of experience {unknown}
 p - a potion of brilliance
 r - a potion of heal wounds {unknown}


   Skills:
 * Level 1.6 Fighting
 + Level 0.7 Short Blades
 + Level 2.2 Dodging
 + Level 3.6 Stealth
 + Level 4.6 Spellcasting
 + Level 1.9 Conjurations
 + Level 1.4 Summonings
 + Level 1.1 Translocations


You had 8 spell levels left.
You knew the following spells:

 Your Spells              Type           Power        Failure   Level
a - Magic Dart            Conj           44%          6%          1
b - Call Imp              Summ           9%           12%         2
c - Blink                 Tloc           N/A          13%         2

Your spell library contained the following spells:

 Spells                   Type           Power        Failure   Level
 Slow                     Hex            4%           22%         2
 Conjure Flame            Conj/Fire      7%           28%         3
 Mephitic Cloud           Conj/Pois/Air  6%           32%         3


Dungeon Overview and Level Annotations

Branches:
Dungeon (5/15)             Temple (1/1) D:5

Altars:
Ashenzari
Cheibriados
Dithmenos
Elyvilon
Fedhas
Gozag
Kikubaaqudgha
Makhleb
Nemelex Xobeh
Qazlal
Ru
Trog
Vehumet
Wu Jian
Yredelemnul
Zin
The Shining One


Innate Abilities, Weirdness & Mutations

You cannot wear most types of armour.
You are very stealthy in the water. (Stealth+)
You are amphibious.
You can wear up to eight rings at the same time.
You can use your tentacles to constrict eight enemies at once.
Your skin changes colour to match your surroundings (Stealth+).
Your rubbery body absorbs attacks. (AC +1, EV +1)


Message History

The scorpion stings your white imp!
Your crimson imp hits the ogre but does no damage.
Your crimson imp blinks!
You fail to use your ability.
The ogre closely misses you.
The scorpion closely misses your crimson imp.
The flow of time bends around you.
The ogre resists with some effort.
Cheibriados rebukes your white imp.
Your white imp seems to slow down.
The ogre hits you with a cursed -1 giant club!!
Ouch! That really hurt!
Your crimson imp barely misses the scorpion.
Okay, then.
Casting: Call Imp (safe; 12% risk of failure)
Confirm with . or Enter, or press ? or * to list all spells.
You blink.
The scorpion stings you!
* * * LOW HITPOINT WARNING * * *
Your white imp barely misses the ogre.
The ogre hits you with a cursed -1 giant club!
Ouch! That really hurt!
You die...

## ## ##### #. .##
#...# #. ..# #...# #.
#.## #...# #.
#..###..<# #.######
.........# #.§....#
###......# #.O5.[.#
###.##...### #..@...#
....##.....###..s...#
######...#...#...5..#
#######.#.#..########
#..†.!........#
###.........<.#
#.#.........#
#).#.........#
#.##.......$.#


You could see an ogre, a scorpion, a friendly crimson imp (summoned) and a
friendly white imp (summoned, slow).

Vanquished Creatures
  A bullfrog skeleton (D:5)
  A worker ant (D:5)
  5 adders
  2 worms (D:2)
  A leopard gecko (D:5)
  2 orcs (D:5)
  3 ball pythons (D:1)
  2 giant cockroaches
  5 goblins
  7 hobgoblins
  5 bats
  3 frilled lizards
  7 kobolds
  A quokka zombie (D:5)
  3 rats
48 creatures vanquished.

Vanquished Creatures (collateral kills)
  A scorpion (D:4)
  Jessica (D:2)
  An iguana (D:4)
  An adder (D:2)
  2 orcs (D:5)
  2 giant cockroaches
  2 hobgoblins
  2 kobolds (D:3)
  A quokka (D:2)
  A frilled lizard (D:2)
14 creatures vanquished.

Vanquished Creatures (others)
  3 fungi (D:1)
3 creatures vanquished.

Grand Total: 65 creatures vanquished

Notes
Turn   | Place    | Note
-------+----------+-------------------------------------------
     0 | D:1      | FreshCat the Octopode Hedge Wizard began the quest for the
                  | Orb.
     0 | D:1      | Reached XP level 1. HP: 11/11 MP: 4/4
   337 | D:1      | Reached XP level 2. HP: 17/17 MP: 0/6
  1174 | D:3      | Reached XP level 3. HP: 19/21 MP: 5/8
  1339 | D:2      | Learned a level 2 spell: Call Imp
  1342 | D:2      | Learned a level 2 spell: Blink
  1464 | D:2      | Reached skill level 4 in Spellcasting
  1531 | D:2      | Noticed Jessica
  1585 | D:2      | Killed Jessica
  1586 | D:2      | Reached XP level 4. HP: 27/27 MP: 7/10
  2057 | D:2      | You fall into a shaft and drop 2 floors!
  2335 | D:2      | Reached skill level 1 in Fighting
  2640 | D:3      | Reached XP level 5. HP: 33/33 MP: 4/11
  2967 | D:4      | You fall into a shaft and drop 1 floor!
  2967 | D:5      | Entered Level 5 of the Dungeon
  2975 | D:5      | Found a staircase to the Ecumenical Temple.
  2984 | Temple   | Entered the Ecumenical Temple
  3281 | Temple   | Became a worshipper of Cheibriados the Contemplative
  3573 | D:5      | Found a basalt altar of Yredelemnul.
  3574 | D:5      | Noticed a sky beast
  3639 | D:5      | Noticed an ice beast
  4245 | D:4      | Noticed an ogre
  4258 | D:4      | Mangled by an ogre

Illustrated notes

Levels and vault maps discovered:
D:1:      evilmike_arrival_plus, layout_basic, minmay_shallow_snake_nest
D:2:      layout_basic, uniq_jessica
D:3:      layout_basic
D:4:      layout_rooms, ebering_ghost_gozag, minmay_ruined_shrine, uniq_natasha,
          uniq_grinder
D:5:      layout_basic, minmay_temple_entry_ruins, basic_altar
Temple:   minmay_temple_bridge_d

Skill      XL: |  1  2  3  4 |
---------------+-------------+-----
Spellcasting   | 4 |  4.6
Fighting       | 1 |  1.6
Stealth        | 3 |  3.6
Short Blades   | |  0.7
Dodging        | |  2.2
Conjurations   | |  1.9
Summonings     | |  1.4
Translocations | |  1.1

Action                   |  1- 3 |  4- 6 || total
-------------------------+-------+-------++-------
Melee: Dagger            |    25 |    56 ||    81
       Tentacles         |     4 |    11 ||    15
       Constrict         |     6 |    16 ||    22
Throw: Stone             |     1 |       ||     1
 Cast: Magic Dart        |    61 |    26 ||    87
       Blink             |     3 |     2 ||     5
       Call Imp          |     2 |    22 ||    24
Invok: Bend Time         |       |     1 ||     1
  Use: Scroll            |     7 |     5 ||    12
       Potion            |     1 |     1 ||     2
 Stab: Sleeping          |     1 |     2 ||     3
Armor: Skin              |     3 |     7 ||    10
Dodge: Dodged            |    14 |    38 ||    52
